 Dungeon Crawl Stone Soup version 0.25-a0-835-gb37b1c2 (webtiles) character file.

Game seed: 13132027426890446293, levelgen mode: deterministic

854 BlueFish the Ruffian (level 7, -7/66 HPs)
             Began as a Troll Hunter on Apr 23, 2020.
             Was an Initiate of Wu Jian.
             Killed by divine providence
             ... invoked by an orc priest
              (14 damage)
             ... on level 6 of the Dungeon.
             The game lasted 00:06:26 (3934 turns).

BlueFish the Ruffian (Troll Hunter)                 Turns: 3934, Time: 00:06:27

Health: -7/66      AC:  8    Str: 21    XL:     7   Next: 70%
Magic:  6/6        EV: 15    Int:  7    God:    Wu Jian [......]
Gold:   366        SH:  0    Dex: 12    Spells: 6/6 levels left

rFire    . . .     SeeInvis .     - Unarmed
rCold    . . .     Gourm    +   (no shield)
rNeg     . . .     Faith    .   b - +1 robe
rPois    +         Spirit   .   (helmet restricted)
rElec    .         Reflect  .   p - +0 cloak (curse)
rCorr    .         Harm     .   (gloves unavailable)
MR       .....                  (boots unavailable)
Stlth    ++........             (no amulet)
HPRegen  0.61/turn              n - ring of poison resistance
MPRegen  0.10/turn              q - +4 ring of evasion

@: no status effects
A: large, unfitting armour, claws 3, fast metabolism 3, gourmand, regeneration
1, shaggy fur 1, tough skin 3
a: Renounce Religion


You were on level 6 of the Dungeon.
You worshipped Wu Jian.
Wu Jian was noncommittal.
You were not hungry.

You visited 2 branches of the dungeon, and saw 7 of its levels.

You collected 366 gold pieces.

Inventory:

Missiles
 c - 5 large rocks (quivered)
 d - 2 throwing nets
Armour
 b - a +1 robe (worn)
 p - a cursed +0 cloak (worn)
Jewellery
 n - a ring of poison resistance (left claw)
 q - a +4 ring of evasion (right claw)
 r - a +3 ring of evasion
Scrolls
 e - 2 scrolls of enchant armour
 j - 2 scrolls of teleportation
Potions
 a - 3 potions of lignification
 g - 2 potions of curing
 h - 2 potions of magic
 i - a potion of might {unknown}
 k - a potion of brilliance {unknown}
 l - a potion of haste {unknown}
 m - 2 potions of heal wounds {unknown}
 o - a potion of ambrosia {unknown}
 s - a potion of mutation {unknown}
Comestibles
 f - 17 rations


   Skills:
 * Level 2.6 Fighting
 * Level 5.0 Throwing
 * Level 3.6 Dodging
 + Level 1.0 Stealth
 * Level 5.7 Unarmed Combat


You had 6 spell levels left.
You didn't know any spells.
Your spell library was empty.

Dungeon Overview and Level Annotations

Branches:
Dungeon (6/15)             Temple (1/1) D:5

Altars:
Ashenzari
Cheibriados
Dithmenos
Elyvilon
Fedhas
Gozag
Hepliaklqana
Kikubaaqudgha
Makhleb
Nemelex Xobeh
Okawaru
Qazlal
Ru
Sif Muna
Trog
Uskayaw
Vehumet
Wu Jian
Yredelemnul
Zin
The Shining One


Innate Abilities, Weirdness & Mutations

You are too large for most types of armour.
You have claws for hands.
Your metabolism is lightning-fast.
You like to eat raw meat.
Your natural rate of healing is unusually fast.
You are covered in fur. (AC +1)
You have extremely tough skin. (AC +3)


Message History

You claw the orc!
You kill the orc!
The Council accepts your kill.
The jackal bites you but does no damage.
The jackal barely misses you.
The orc priest looks satisfied for a moment.
The jackal closely misses you. The jackal closely misses you.
The jackal closely misses you.
You claw the jackal!
You kill the jackal!
The Council accepts your kill. The orc hits you but does no damage.
The orc priest looks braver for a moment.
The orc priest calls down the wrath of Beogh upon you.
Beogh smites you!
* * * LOW HITPOINT WARNING * * *
The orc priest mumbles some strange prayers to Beogh against you.
Beogh smites you!
You die...

.......+..............>#
#......#...#####.....#.#
#..........# #.....#.#
#..........# #####.#.#
#..........#########.#.#
...................#.#.#
#.################.#.#[#
.h.)....hoo.†ho.##.#...#
#.###..h...####.@..#####
#.# #......# ######
o.###......##
###......(..##
....^........#
.##....##....#
##.........# #.......#.#
#.......#.#


You could see an orc priest, 2 orcs and a jackal.

Vanquished Creatures
  An orc warrior (D:6)
  2 ogres
  2 scorpions
  A crimson imp (D:6)
  A jelly (D:5)
  A centaur skeleton (D:5)
  An orc priest (D:4)
  Crazy Yiuf (D:4)
  2 iguanas
  3 worker ants
  4 gnolls (D:3)
  3 adders
  An adder skeleton (D:5)
  7 worms
  2 dart slugs
  4 leopard geckos
  12 orcs
  5 giant cockroaches
  12 goblins
  6 hobgoblins
  10 jackals
  17 kobolds
  4 quokkas
  A ball python (D:3)
  8 bats
  7 frilled lizards
  4 rats
122 creatures vanquished.

Notes
Turn   | Place    | Note
-------+----------+-------------------------------------------
     0 | D:1      | BlueFish the Troll Hunter began the quest for the Orb.
     0 | D:1      | Reached XP level 1. HP: 19/19 MP: 0/0
    71 | D:1      | Found a sparkling altar of Nemelex Xobeh.
   212 | D:1      | Reached XP level 2. HP: 27/27 MP: 1/1
   724 | D:2      | Reached skill level 1 in Unarmed Combat
   724 | D:2      | Reached XP level 3. HP: 24/33 MP: 2/2
  1120 | D:2      | Reached XP level 4. HP: 41/42 MP: 3/3
  1216 | D:2      | Found a glowing silver altar of Zin.
  1217 | D:2      | Found a radiant altar of Vehumet.
  1643 | D:3      | Found a glowing golden altar of the Shining One.
  1643 | D:3      | Found a white marble altar of Elyvilon.
  1708 | D:3      | Found a hazy altar of Hepliaklqana.
  1806 | D:3      | Reached XP level 5. HP: 33/49 MP: 4/4
  2137 | D:4      | Found a runed translucent door.
  2138 | D:4      | Noticed Crazy Yiuf
  2227 | D:4      | Killed Crazy Yiuf
  2542 | D:4      | Reached XP level 6. HP: 55/57 MP: 5/5
  3036 | D:5      | Entered Level 5 of the Dungeon
  3126 | D:5      | Reached XP level 7. HP: 54/66 MP: 6/6
  3151 | D:5      | Reached skill level 5 in Unarmed Combat
  3221 | D:5      | Found a staircase to the Ecumenical Temple.
  3230 | Temple   | Entered the Ecumenical Temple
  3250 | Temple   | Became a worshipper of the Wu Jian Council
  3751 | D:6      | Found a glowing golden altar of the Shining One.
  3877 | D:6      | Found a hazy altar of Hepliaklqana.
  3887 | D:6      | Reached skill level 5 in Throwing
  3917 | D:6      | Reached skill level 1 in Stealth
  3934 | D:6      | Killed from afar by an orc priest

Levels and vault maps discovered:
D:1:      ncdulo_smallfort, layout_basic, minmay_misc_feat_tower,
          nemelex_xobeh_ov_fountains_minmay
D:2:      minmay_chambers_of_twos, layout_rooms,
          gammafunk_temple_overflow_statue, first_ration
D:3:      minmay_bubble_buster, layout_basic, gammafunk_temple_overflow_wave,
          lemuel_doored_altar
D:4:      layout_loops_corners, uniq_crazy_yiuf_cottage
D:5:      layout_rooms, minmay_temple_entry_stoned_glass, chequers_arboretum
D:6:      layout_basic, basic_altar, tso_altar, uniq_sigmund
Temple:   eino_temple_scatter_basement

Skill      XL: |  1  2  3  4  5  6  7 |
---------------+----------------------+-----
Throwing       | 4 5 |  5.0
Unarmed Combat | 1 2 3 4 5 |  5.7
Dodging        | 2 3 |  3.6
Fighting       | 2 |  2.6
Stealth        | 1 |  1.0

Action                   |  1- 3 |  4- 6 |  7- 9 || total
-------------------------+-------+-------+-------++-------
Melee: Unarmed           |   130 |   246 |    48 ||   424
       Punch             |     1 |     3 |     2 ||     6
Invok: Lunge             |       |       |     3 ||     3
  Use: Scroll            |     5 |     5 |     1 ||    11
 Stab: Sleeping          |       |     2 |     1 ||     3
  Eat: Chunk             |    16 |    18 |     3 ||    37
Armor: Robe              |    52 |    88 |     3 ||   143
Dodge: Dodged            |    74 |   143 |    32 ||   249

Table legend:
 A = Non-vault XP
 B = Vault XP
 C = Vault XP percentage of total XP
 D = Non-vault monster count
 E = Vault monster count
 F = Vault count percentage of total count
                 A         B        C        D         E       F
            +---------+---------+-------+---------+---------+-------
      Total |    1074 |     146 |  12.0 |      98 |      24 |  19.7
            +---------+---------+-------+---------+---------+-------
        D:1 |      33 |       0 |   0.0 |      20 |       0 |   0.0
        D:2 |      47 |      30 |  39.0 |      21 |       8 |  27.6
        D:3 |      82 |      79 |  49.1 |      19 |      15 |  44.1
        D:4 |     267 |      37 |  12.2 |      16 |       1 |   5.9
        D:5 |     367 |       0 |   0.0 |      16 |       0 |   0.0
        D:6 |     278 |       0 |   0.0 |       6 |       0 |   0.0
            +---------+---------+-------+---------+---------+-------
